 Dungeon Crawl Stone Soup version 0.28-a0-1190-g77e1c55843 (webtiles) character file.

Game seed: 16790563745829389085

305 SensoryNuts the Skirmisher (level 6, -3/48 HPs)
             Began as a Demonspawn Fighter on Dec 19, 2021.
             Killed by nerve-wracking pain
             ... invoked by an orc priest
              (4 damage)
             ... on level 4 of the Dungeon.
             The game lasted 00:03:36 (3648 turns).

SensoryNuts the Skirmisher (Demonspawn Fighter)     Turns: 3648, Time: 00:03:36

Health: -3/48      AC:  7    Str: 17    XL:     6   Next: 16%
Magic:  6/6        EV:  7    Int:  9    God:
Gold:   141        SH: 14    Dex: 12    Spells: 5/5 levels left

rFire   . . .      SeeInvis .   a - +0 long sword
rCold   . . .      Faith    .   g - +2 kite shield
rNeg    . . .      Spirit   .   b - +0 scale mail
rPois   .          Reflect  .   (helmet restricted)
rElec   .          Harm     .   (no cloak)
rCorr   .          Rampage  .   (no gloves)
Will    .....                   (no boots)
Stlth   ..........              (no amulet)
HPRegen 0.16/turn               (no ring)
MPRegen 0.20/turn               (no ring)

@: attractive
A: claws 1, large bone plates 1, magic regeneration, horns 1, talons 1, weak 1
a: no special abilities


You were on level 4 of the Dungeon.
You visited 1 branch of the dungeon, and saw 4 of its levels.

You collected 141 gold pieces.

Inventory:

Hand Weapons
 a - a +0 long sword (weapon)
Armour
 b - a +0 scale mail (worn)
 c - a +0 buckler
 g - a +2 kite shield (worn)
Scrolls
 e - a scroll of noise {unknown}
 f - a scroll of summoning {unknown}
 i - 2 scrolls of identify {unknown}
 j - a scroll of blinking {unknown}
 k - 2 scrolls of magic mapping {unknown}
 n - a scroll of silence {unknown}
 q - a scroll of enchant weapon {unknown}
Potions
 d - a potion of degeneration {unknown}
 h - a potion of cancellation
 l - a potion of attraction


   Skills:
 + Level 3.8 Fighting
 + Level 3.7 Long Blades
 + Level 3.8 Armour
 + Level 1.8 Dodging
 + Level 3.3 Shields


You had 5 spell levels left.
You didn't know any spells.
Your spell library was empty.

Dungeon Overview and Level Annotations

Branches:
Dungeon (4/15)
 Temple: D:4-7

Altars:


Innate Abilities, Weirdness & Mutations

You have sharp fingernails.
You are partially covered in large bone plates. (SH +4)
You regenerate magic rapidly.
You have a pair of small horns on your head.
You have sharp toenails.
You are weak. (Str -2)


Message History

You are too injured to fight recklessly!
You hit the orc. You claw the orc, but do no damage.
The orc is heavily wounded.
The orc hits you but does no damage.
You hit the orc priest.
The orc priest is moderately wounded.
You block the orc priest's attack. You block the orc's attack.
The orc priest hits you but does no damage.
You closely miss the orc priest. Your kick misses the orc priest.
You headbutt the orc priest.
The orc priest is heavily wounded.
You block the orc's attack.
The orc priest hits you but does no damage.
The orc hits you but does no damage.
You closely miss the orc priest.
The orc priest is heavily wounded.
The orc priest calls upon Beogh to heal the orc priest.
The orc priest is healed somewhat.
The orc closely misses you. You block the orc priest's attack.
You hit the orc priest.
The orc priest is almost dead.
The orc hits you with a +2 vorpal hand axe.
The orc priest calls upon Beogh to heal the orc priest.
The orc priest's wounds heal themselves!
You hit the orc priest but do no damage.
You headbutt the orc priest.
You kill the orc priest!
The orc hits you with a +2 vorpal hand axe.
* * * LOW HITPOINT WARNING * * *
The orc priest calls upon Beogh to heal the orc.
The orc's wounds heal themselves!
You block the orc's attack.
The orc priest mumbles some strange prayers to Beogh against you.
Beogh smites you!
* * * LOW HITPOINT WARNING * * *
It was a potion of attraction.
You feel attractive to monsters. The orc closely misses you.
The orc priest calls down the wrath of Beogh upon you.
Pain shoots through your body!
You die...

........#.........##
..................#
........##........#
........##........#
###.####..........#
#. ###........###
##. #.....######
#..##..#.## #@os...#
..### #)#..###
...s..##o...#
#..s).....#
............#
............#
............#
........?...#
...#####..###


You could see a scorpion, an orc priest and an orc.

Vanquished Creatures
  A centaur (D:3)
  An orc priest (D:4)
  A centaur skeleton (D:4)
  An orc wizard (D:3)
  4 gnolls (D:3)
  An adder (D:2)
  3 worms
  2 dart slugs
  7 orcs
  4 endoplasms
  3 giant cockroaches (D:1)
  12 goblins
  11 hobgoblins
  3 jackals (D:2)
  2 kobolds (D:3)
  3 quokkas
  3 ball pythons
  4 bats
  4 frilled lizards
  3 rats
73 creatures vanquished.

Notes
Turn   | Place    | Note
-------+----------+-------------------------------------------
     0 | D:1      | SensoryNuts the Demonspawn Fighter began the quest for the
                  | Orb.
     0 | D:1      | Reached XP level 1. HP: 18/18 MP: 1/1
   210 | D:1      | Gained mutation: You regenerate magic rapidly. [demonic
                  | ancestry]
   210 | D:1      | Reached XP level 2. HP: 20/24 MP: 2/2
  1149 | D:2      | Gained mutation: You have sharp fingernails. [demonic
                  | ancestry]
  1149 | D:2      | Reached XP level 3. HP: 23/29 MP: 3/3
  2068 | D:3      | Gained mutation: You are weak. (Str -2) [potion of
                  | mutation]
  2068 | D:3      | Gained mutation: You have a pair of small horns on your
                  | head. [potion of mutation]
  2068 | D:3      | Gained mutation: You have sharp toenails. [potion of
                  | mutation]
  2072 | D:3      | Reached skill level 1 in Dodging
  2072 | D:3      | Reached XP level 4. HP: 7/35 MP: 4/4
  2355 | D:3      | Noticed a centaur
  2363 | D:3      | Killed a centaur
  2364 | D:3      | Gained mutation: You are partially covered in large bone
                  | plates. (SH +4) [demonic ancestry]
  2364 | D:3      | Reached XP level 5. HP: 25/42 MP: 5/5
  2740 | D:3      | Found a faded altar of an unknown god.
  3606 | D:4      | Reached XP level 6. HP: 46/48 MP: 6/6
  3647 | D:4      | HP: 1/48 [orc priest/divine providence (13)]
  3648 | D:4      | Killed from afar by an orc priest

Illustrated notes

Levels and vault maps discovered:
D:1:      minmay_arrival_cross, layout_basic, minmay_door_square,
          grunt_decor_mini_mirrors, ebering_dispersal_statue_hall
D:2:      cheibrodos_greedy_goblins, layout_loops_ring, minmay_misc_feat_roman,
          minmay_fountain_box, st_stairs_12
D:3:      layout_loops_ring, cheibrodos_sewer_entry_sluice,
          hellmonk_ecumenical_altar_lost_god, lightli_corner_chamber
D:4:      layout_rooms, mainiacjoe_overflow_catwalk, grunt_ministairs_3

Skill      XL: |  1  2  3  4 |
---------------+-------------+-----
Long Blades    | 2 3 |  3.7
Armour         | 3 |  3.8
Shields        | 3 |  3.3
Dodging        | 1 |  1.8
Fighting       | |  3.8

Action                   |  1- 3 |  4- 6 || total
-------------------------+-------+-------++-------
Melee: Long sword        |   132 |    72 ||   204
       Kick              |     1 |    13 ||    14
       Headbutt          |       |    13 ||    13
  Use: Potion            |     3 |     6 ||     9
Armor: Scale mail        |    66 |    28 ||    94
Dodge: Dodged            |    91 |    24 ||   115
Block: Buckler           |    40 |    29 ||    69
       Kite shield       |       |    13 ||    13

Table legend: (Time is in decaauts)
 A = Elapsed time spent in this place.
 B = Non-inter-level travel time spent in this place.
 C = Inter-level travel time spent in this place.
 D = Time resting spent in this place.
 E = Time spent auto-exploring this place.
 F = Levels seen in this place.
 G = Mean time per level.
                   A        B        C        D        E       F      G
               +--------+--------+--------+--------+--------+-----+--------+
         Total |   3723 |   3505 |    218 |      0 |   2938 |   4 |  930.8 |
       Dungeon |   3723 |   3505 |    218 |      0 |   2938 |   4 |  930.8 |
               +--------+--------+--------+--------+--------+-----+--------+

Top non-repeatable levels by time:
     D:3: 1568 daAuts
     D:2: 1217 daAuts
     D:1: 868 daAuts
     D:4: 69 daAuts
